 Dungeon Crawl Stone Soup version 0.29-a0-352-g0917bc69df (webtiles) character file.

Game seed: 4682813261727409668

166 101zpm the Gusty (level 5, 0/37 HPs)
             Began as a Gnoll Air Elementalist on Apr 24, 2022.
             Succumbed to a scorpion's poison
             ... on level 4 of the Dungeon.
             The game lasted 00:05:49 (2806 turns).

101zpm the Gusty (Gnoll Air Elementalist)           Turns: 2806, Time: 00:05:50

Health: 0/37       AC:  2    Str:  7    XL:     5   Next: 47%
Magic:  5/12       EV: 13    Int: 17    God:
Gold:   213        SH:  0    Dex: 12    Spells: 13/14 levels left

rFire   . . .      SeeInvis .     - Unarmed
rCold   . . .      Faith    .   (no shield)
rNeg    . . .      Spirit   .   a - +0 robe
rPois   .          Reflect  .   (no helmet)
rElec   .          Harm     .   (no cloak)
rCorr   .          Rampage  .   (no gloves)
Will    .....                   (no boots)
Stlth   +++.......              (no amulet)
HPRegen 0.12/turn               (no ring)
MPRegen 0.13/turn               (no ring)

@: lethally poisoned (0 -> -1), on berserk cooldown, flying, slowed, very slow
A: fangs 1, strong nose, distributed training
a: no special abilities


You were on level 4 of the Dungeon.
You visited 1 branch of the dungeon, and saw 4 of its levels.

You collected 213 gold pieces.

Inventory:

Armour
 a - a +0 robe (worn)
Jewellery
 f - a +6 ring of intelligence
 j - a ring of wizardry
Scrolls
 c - 4 scrolls of identify {unknown}
 d - 2 scrolls of blinking {unknown}
 g - 2 scrolls of enchant weapon {unknown}
 h - a scroll of vulnerability {unknown}
 k - a scroll of fog {unknown}
 m - 3 scrolls of teleportation {unknown}
 n - a scroll of silence {unknown}
Potions
 b - a potion of magic
 i - a potion of attraction {unknown}
 l - a potion of might {unknown}
 o - a potion of curing {unknown}
 p - a potion of lignification {unknown}
 q - a potion of flight


   Skills:
 + Level 1.5 Fighting
 + Level 1.5 Short Blades
 + Level 1.5 Long Blades
 + Level 1.5 Axes
 + Level 1.5 Maces & Flails
 + Level 1.5 Polearms
 + Level 1.5 Staves
 + Level 1.5 Slings
 + Level 1.5 Bows
 + Level 1.5 Crossbows
 + Level 1.5 Throwing
 + Level 1.5 Armour
 + Level 4.8 Dodging
 + Level 4.4 Stealth
 + Level 1.5 Shields
 + Level 1.5 Unarmed Combat
 + Level 5.2 Spellcasting
 + Level 2.4 Conjurations
 + Level 1.2 Hexes
 + Level 1.2 Summonings
 + Level 1.2 Necromancy
 + Level 1.2 Translocations
 + Level 1.2 Transmutations
 + Level 1.2 Fire Magic
 + Level 1.2 Ice Magic
 + Level 5.5 Air Magic
 + Level 1.2 Earth Magic
 + Level 1.2 Poison Magic
 + Level 1.7 Invocations
 + Level 1.5 Evocations


You had 13 spell levels left.
You knew the following spells:

 Your Spells              Type           Power      Damage    Failure   Level
a - Shock                 Conj/Air       72%        1d7       2%          1

Your spell library contained the following spells:

 Spells                   Type           Power      Damage    Failure   Level
 Static Discharge         Conj/Air       18%        N/A       4%          2
 Swiftness                Air            23%        N/A       4%          3
 Airstrike                Air            11%        N/A       14%         4
 Call Canine Familiar     Summ           8%         N/A       26%         3
 Portal Projectile        Hex/Tloc       16%        N/A       26%         3
 Leda's Liquefaction      Hex/Erth       4%         N/A       63%         4


Dungeon Overview and Level Annotations

Branches:
Dungeon (4/15)
 Temple: D:4-7

Altars:

Shops:
D:2 ?


Innate Abilities, Weirdness & Mutations

You have very sharp teeth.
Your uncanny sense of smell can sniff out nearby items.
Your experience applies equally to all skills.


Message History

You are too injured to fight recklessly!
Aiming: Shock (safe; 2% risk of failure)
Press: ? - help, Q - select action Shift-Dir - straight line, f/p - scorpion
Aim: a scorpion (severely wounded, 71% to hit)
The zap hits the scorpion.
The scorpion is almost dead.
* * * LOW HITPOINT WARNING * * *
You feel sick. The scorpion barely misses you.
Aiming: Shock (safe; 2% risk of failure)
Press: ? - help, Q - select action Shift-Dir - straight line, f/p - scorpion
Aim: a scorpion (almost dead, 71% to hit)
The zap hits the scorpion.
You kill the scorpion!
* * * LOW HITPOINT WARNING * * *
You feel sick.
You have reached level 5!
It was a potion of flight.
You feel very buoyant.
You fly up into the air.
* * * LOW HITPOINT WARNING * * *
You feel sick.
Unknown command.
It was a potion of berserk rage.
A red film seems to cover your vision as you go berserk!
You feel yourself moving faster!
You feel mighty!
* * * LOW HITPOINT WARNING * * *
You feel sick.
Unknown command.
You are too berserk!
You are too berserk!
You feel a strong urge to attack something.
* * * LOW HITPOINT WARNING * * *
You feel sick.
* * * LOW HITPOINT WARNING * * *
You feel sick.
You feel your anger nearly subside.
You are no longer berserk.
You are exhausted.
You feel yourself slow down.
You die...

..#
#.#
#.#
#.#
∆..#
#.#
#.#
#@#
#.#
#.#
#.#
#.#
..#
###


There were no monsters in sight!

Vanquished Creatures
  A scorpion (D:4)
  A gnoll (D:1)
  An adder (D:3)
  A worm (D:2)
  4 dart slugs
  8 ball pythons
  7 endoplasms
  2 giant cockroaches (D:1)
  A goblin (D:3)
  8 hobgoblins
  8 jackals
  4 kobolds
  4 quokkas
  6 bats
  5 frilled lizards
  9 rats
  A toadstool (D:1)
71 creatures vanquished.

Vanquished Creatures (others)
  3 toadstools (D:1)
3 creatures vanquished.

Grand Total: 74 creatures vanquished

Notes
Turn   | Place    | Note
-------+----------+-------------------------------------------
     0 | D:1      | 101zpm the Gnoll Air Elementalist began the quest for the
                  | Orb.
     0 | D:1      | Reached XP level 1. HP: 13/13 MP: 6/6
   164 | D:1      | Reached XP level 2. HP: 19/19 MP: 4/7
   589 | D:2      | Reached XP level 3. HP: 25/25 MP: 6/9
   637 | D:2      | Reached skill level 5 in Spellcasting
   968 | D:2      | Found Edubb's Magic Scroll Boutique.
   994 | D:2      | Reached skill level 1 in Invocations
  1355 | D:1      | Reached skill level 1 in Fighting
  1355 | D:1      | Reached skill level 1 in Short Blades
  1355 | D:1      | Reached skill level 1 in Long Blades
  1355 | D:1      | Reached skill level 1 in Axes
  1355 | D:1      | Reached skill level 1 in Maces & Flails
  1355 | D:1      | Reached skill level 1 in Polearms
  1355 | D:1      | Reached skill level 1 in Staves
  1355 | D:1      | Reached skill level 1 in Slings
  1355 | D:1      | Reached skill level 1 in Bows
  1355 | D:1      | Reached skill level 1 in Crossbows
  1355 | D:1      | Reached skill level 1 in Throwing
  1355 | D:1      | Reached skill level 1 in Armour
  1355 | D:1      | Reached skill level 1 in Shields
  1355 | D:1      | Reached skill level 1 in Unarmed Combat
  1355 | D:1      | Reached skill level 1 in Evocations
  1554 | D:1      | Reached XP level 4. HP: 32/32 MP: 8/11
  2356 | D:3      | Reached skill level 1 in Hexes
  2356 | D:3      | Reached skill level 1 in Summonings
  2356 | D:3      | Reached skill level 1 in Necromancy
  2356 | D:3      | Reached skill level 1 in Translocations
  2356 | D:3      | Reached skill level 1 in Transmutations
  2356 | D:3      | Reached skill level 1 in Fire Magic
  2356 | D:3      | Reached skill level 1 in Ice Magic
  2356 | D:3      | Reached skill level 1 in Earth Magic
  2356 | D:3      | Reached skill level 1 in Poison Magic
  2793 | D:4      | Noticed a scorpion
  2800 | D:4      | Killed a scorpion
  2801 | D:4      | Reached XP level 5. HP: 4/37 MP: 4/12
  2804 | D:4      | HP: 2/55 [poisoned by a scorpion]
  2806 | D:4      | Succumbed to a scorpion's poison

Illustrated notes

Levels and vault maps discovered:
D:1:      ldierk_water_garden, layout_loops_ring
D:2:      layout_basic, serial_shops, nicolae_shop_stone
D:3:      layout_rooms, minivault_23
D:4:      layout_loops_ring, nicolae_dithmenos_the_darkroom,
          minmay_temple_entry_trees, minmay_misc_feat_room, solitary_fountain,
          uniq_grinder, uniq_edmund

Skill      XL: |  1  2  3  4 |
---------------+-------------+-----
Conjurations   | 2 |  2.4
Spellcasting   | 5 |  5.2
Invocations    | 1 |  1.7
Fighting       | 1 |  1.5
Short Blades   | 1 |  1.5
Long Blades    | 1 |  1.5
Axes           | 1 |  1.5
Maces & Flails | 1 |  1.5
Polearms       | 1 |  1.5
Staves         | 1 |  1.5
Slings         | 1 |  1.5
Bows           | 1 |  1.5
Crossbows      | 1 |  1.5
Throwing       | 1 |  1.5
Armour         | 1 |  1.5
Shields        | 1 |  1.5
Unarmed Combat | 1 |  1.5
Evocations     | 1 |  1.5
Hexes          | 1 |  1.2
Summonings     | 1 |  1.2
Necromancy     | 1 |  1.2
Translocations | 1 |  1.2
Transmutations | 1 |  1.2
Fire Magic     | 1 |  1.2
Ice Magic      | 1 |  1.2
Earth Magic    | 1 |  1.2
Poison Magic   | 1 |  1.2
Dodging        | |  4.8
Stealth        | |  4.4
Air Magic      | |  5.5

Action                   |  1- 3 |  4- 6 || total
-------------------------+-------+-------++-------
Melee: Unarmed           |    12 |       ||    12
       Bite              |     2 |       ||     2
 Cast: Shock             |    81 |    56 ||   137
  Use: Potion            |       |     2 ||     2
Armor: Robe              |     1 |     2 ||     3
Dodge: Dodged            |     7 |     3 ||    10

Table legend: (Time is in decaauts)
 A = Elapsed time spent in this place.
 B = Non-inter-level travel time spent in this place.
 C = Inter-level travel time spent in this place.
 D = Time resting spent in this place.
 E = Time spent auto-exploring this place.
 F = Levels seen in this place.
 G = Mean time per level.
                   A        B        C        D        E       F      G
               +--------+--------+--------+--------+--------+-----+--------+
         Total |   2805 |   2619 |    186 |     68 |   2214 |   4 |  701.2 |
       Dungeon |   2805 |   2619 |    186 |     68 |   2214 |   4 |  701.2 |
               +--------+--------+--------+--------+--------+-----+--------+

Top non-repeatable levels by time:
     D:1: 1472 daAuts
     D:2: 752 daAuts
     D:3: 568 daAuts
     D:4: 11 daAuts
